 Dungeon Crawl Stone Soup version 0.18-a0-1570-gf60b0ab (webtiles) character file.

150558 Hilldric the Executioner (level 17, -3/182 HPs)
             Began as a Hill Orc Gladiator on Mar 13, 2016.
             Was the Champion of Beogh.
             Splashed by Dissolution's acid (6 damage)
             ... on level 2 of the Pits of Slime on Mar 14, 2016.
             The game lasted 02:57:51 (35125 turns).

Hilldric the Executioner (Hill Orc Gladiator)      Turns: 35125, Time: 02:57:52

Health: -3/182     AC: 24    Str: 25    XL:     17   Next: 54%
Magic:  17/17      EV: 15    Int:  8    God:    Beogh [******]
Gold:   1273       SH:  0    Dex: 18    Spells: 0 memorised, 16 levels left

rFire  . . .     SeeInvis .     u - +3 executioner's axe (freeze)
rCold  . . .     Gourm    .     S - +2 scale mail "Seymeext" {rPois Regen+ Dex+2}
rNeg   + . .     Faith    .     (shield currently unavailable)
rPois  +         Spirit   .     p - +1 helmet
rElec  .         Dismiss  .     j - +0 cloak
rCorr  .         Reflect  .     E - +1 pair of gloves {Dex+3}
SustAt .         Harm     .     r - +1 pair of boots
MR     +....                    K - amulet of regeneration
Stlth  ..........               G - +3 ring of evasion
                                B - ring "Tuuth" {+Inv rPois rN+ Slay+2}

@: confused, somewhat resistant to hostile enchantments, extremely unstealthy
A: walk on water, icy blue scales 1, agile 1, robust 1, sturdy frame 1
a: Smiting, Recall Orcish Followers, Give Item to Named Follower, Resurrection,
Renounce Religion, Evoke Invisibility


You were on level 2 of the Pits of Slime.
You worshipped Beogh.
Beogh was exalted by your worship.
You were not hungry.

You visited 6 branches of the dungeon, and saw 31 of its levels.
You also visited: Labyrinth and Sewer.

You collected 3046 gold pieces.
You spent 1773 gold pieces at shops.

Inventory:

Hand Weapons
 h - a +8 battleaxe of freezing
 u - a +3 executioner's axe of freezing (weapon)
 Y - the +8 falchion of the Extremes {drain, MR+}
   (You found it on level 4 of the Lair of Beasts)

   A truly terrible weapon, it drains the life of those it strikes.
   It affects your resistance to hostile enchantments.
Missiles
 b - 3 throwing nets
 c - 8 tomahawks of returning
 d - 47 tomahawks (quivered)
 e - 9 exploding tomahawks
Armour
 a - a +0 steam dragon armour
 j - a +0 cloak (worn)
 p - a +1 helmet (worn)
 r - a +1 pair of boots (worn)
 s - a +0 ice dragon armour
 C - the +5 scale mail of Winter {-Cast rC+++ Int+3}
   (You found it on level 7 of the Dungeon)

   It affects your intelligence (+3).
   It renders you almost immune to cold.
   It prevents spellcasting.
 E - a +1 pair of gloves of dexterity (worn)
 F - a +2 large shield
 S - the +2 scale mail "Seymeext" (worn) {rPois Regen+ Dex+2}
   (You found it on level 3 of the Lair of Beasts)

   It affects your dexterity (+2).
   It protects you from poison.
   It increases your rate of regeneration.
Jewellery
 k - the amulet of Kaczob {Harm *Drain rN+ Slay+3}
   (You found it on level 6 of the Lair of Beasts)

   [amulet of harm]

   It increases damage dealt and taken.
   It affects your accuracy and damage with ranged weapons and melee attacks
   (+3).
   It protects you from negative energy.
 B - the ring "Tuuth" (left hand) {+Inv rPois rN+ Slay+2}
   (You bought it in a shop on level 2 of the Orcish Mines)

   [ring of poison resistance]

   It affects your accuracy and damage with ranged weapons and melee attacks
   (+2).
   It protects you from poison.
   It protects you from negative energy.
   It lets you turn invisible.
 G - a +3 ring of evasion (right hand)
 K - an amulet of regeneration (around neck)
Wands
 n - a wand of digging (18/24)
 t - a wand of slowing (21/48)
 y - a wand of lightning (9/15)
 V - a wand of disintegration (24/24)
Scrolls
 f - 2 scrolls of recharging
 g - a scroll of holy word
 v - a scroll of magic mapping
 w - 5 scrolls of identify
 D - 12 scrolls of remove curse
 W - 6 scrolls of teleportation
Potions
 l - 2 potions of might
 m - 4 potions of magic
 o - 4 potions of agility
 x - 4 potions of haste
 H - 2 potions of beneficial mutation {unknown}
 M - 7 potions of brilliance
 P - a potion of flight {unknown}
 R - 2 potions of berserk rage {unknown}
Miscellaneous
 L - a box of beasts
 Z - a lantern of shadows
Comestibles
 i - 2 bread rations
 I - 5 royal jellies
 J - 17 fruits
 N - 2 beef jerkies
 Q - a meat ration


   Skills:
 - Level 18.5 Fighting
 - Level 26.6 Axes
 - Level 1.7 Throwing
 + Level 13.0 Armour
 - Level 2.4 Dodging


You had 16 spell levels left.
You didn't know any spells.

Dungeon Overview and Level Annotations

Branches:
Dungeon (14/15) Temple (0/1) D:4 Lair (8/8) D:10 Shoals (0/4) Lair:3 Snake (4/4) Lair:5 Slime (2/6) Lair:6 Orc (2/2) D:10 Elf (1/3) Orc:2 Vaults (0/5) D:12 D:13

Altars:
Dithmenos
Fedhas
Kikubaaqudgha
Makhleb
Okawaru
Pakellas
Qazlal
Ru
Sif Muna
Trog
Vehumet
Yredelemnul
Zin
Beogh

Shops:
D:8 %   D:12 *   D:14 ?   Orc:2 =(*[   Snake:4 ?

Annotations:
D:7 Joseph
D:14 Rupert
Slime:2 Dissolution


Innate Abilities, Weirdness & Mutations

You can walk on water.
You are partially covered in icy blue scales (AC +1).
You are agile. (Dex +2)
You are robust (+10% HP).
Your movements are slightly less encumbered by armour (ER -2).


Message History

Arbolt blocks the great orb of eyes's attack.
Dissolution hits you but does no damage.
Dissolution hits you!
* * * LOW HITPOINT WARNING * * *
You are splashed with acid!
The acid burns!
* * * LOW HITPOINT WARNING * * *
The golden eye blinks at you. You resist with almost no effort.
Arbolt hits the great orb of eyes with a +6 vampiric morningstar!!
In your confused state, you trip and fall back down the stairs.
* * * LOW HITPOINT WARNING * * *
The golden eye blinks at you.
You are more confused.
The great orb of eyes gazes at you.
Arbolt resists with some effort.
Dissolution hits you but does no damage.
Dissolution hits you.
* * * LOW HITPOINT WARNING * * *
You are splashed with acid!
The acid burns!
You die...

.........##
..........
..........
#...G...#
##...<...#
#....GG..#
......Jo§#
...<..G@.#
.....G...#
#.......##
##.....##
#....#
#...## ##.#
##


You could see Dissolution, a great orb of eyes, 3 giant eyeballs, a golden eye
and the friendly Arbolt the orc warlord.

Vanquished Creatures
  2 azure jellies (Slime:1)
  A greater naga (Snake:4)
  Donald (D:12)
  Louise (Snake:4)
  Aizul (Snake:1)
  An orc warlord (Orc:2)
  Nessos (D:13)
  A minotaur (Lab)
  Josephine (D:10)
  An ice dragon (Lair:5)
  A catoblepas (Lair:8)
  8 naga warriors
  A death knight (D:11)
  4 death yaks (Lair:8)
  9 anacondas
  A queen ant (Lair:8)
  A deep troll shaman (Lair:8)
  The ghost of Stick the Thaumaturge, a journeyman DEIE of Cheibriados (Orc:1)
  15 naga sharpshooters
  8 shock serpents
  A salamander mystic (Snake:4)
  2 skeletal warriors
  4 sea snakes (Snake:4)
  The ghost of Ijustatesigmund the Covert, a novice OpTm (D:8)
  2 unseen horrors
  A giant orange brain (D:12)
  5 naga ritualists
  2 hill giants (D:13)
  9 ugly things
  2 orc knights
  3 griffons
  2 orc sorcerers
  An oklob plant (Lair:5)
  2 manticores
  9 mana vipers
  8 salamanders
  A cyclops (D:13)
  Maurice (D:9)
  The ghost of dvd the Thaumaturge, a novice DEFE (D:7)
  25 black mambas
  4 elephants
  14 naga magi
  An eye of devastation (Slime:1)
  7 guardian serpents
  2 torpor snails
  7 spiny frogs
  A freezing wraith (D:10)
  4 rime drakes
  2 kobold demonologists
  An efreet (D:14)
  A komodo dragon (Lair:1)
  5 trolls
  A polar bear (Lair:5)
  9 blink frogs
  23 slime creatures (Slime:1)
  A spriggan (shapeshifter) (D:13)
  4 wraiths
  4 hogs
  48 yaks
  7 basilisks
  7 wyverns
  15 humans (D:12)
  7 hungry ghosts
  4 vampire mosquitoes (D:14)
  A steam dragon (Lair:4)
  7 hippogriffs
  4 electric eels
  34 nagas
  11 water moccasins
  6 soldier ants
  4 porcupines
  An eye of draining (D:10)
  An ice beast (D:9)
  11 orc warriors
  3 black bears
  A necrophage (D:3)
  A wasp (D:8)
  8 ogres
  3 sky beasts
  25 wolves
  5 centaurs
  6 crocodiles
  2 big kobolds (D:12)
  10 giant frogs
  A wyvern zombie (D:7)
  3 scorpions
  11 killer bees
  A troll zombie (D:10)
  A howler monkey (D:4)
  11 wights
  A centaur zombie (D:7)
  5 crimson imps
  15 jellies
  A quasit (D:10)
  2 giant frog skeletons
  5 hounds
  6 orc priests
  2 centaur skeletons
  15 iguanas
  12 orc wizards
  12 worker ants
  18 sheep
  6 ogre zombies (D:10)
  A hound zombie (D:6)
  A worker ant zombie (D:8)
  7 gnolls
  23 adders
  60 river rats
  3 shadow imps
  4 oozes
  An adder zombie (D:5)
  An adder skeleton (D:9)
  5 worms
  A dart slug (D:2)
  7 giant geckos
  42 orcs
  7 giant cockroaches
  4 goblins
  4 hobgoblins (D:2)
  17 jackals
  26 kobolds
  5 quokkas
  14 ball pythons
  5 bats
  A giant gecko skeleton (D:5)
  A giant gecko zombie (D:6)
  A giant newt (D:3)
  2 goblin skeletons (D:10)
  A goblin zombie (D:10)
  2 hobgoblin zombies (D:10)
  A jackal zombie (D:7)
  2 orc skeletons (D:10)
  4 orc zombies (D:10)
  A quokka zombie (D:7)
  4 rats
  A bush (Lair:7)
  6 fungi
  9 plants
867 creatures vanquished.

Vanquished Creatures (collateral kills)
  Kirke (D:12)
  Roxanne (D:14)
  A dire elephant (Lair:8)
  2 naga warriors (Snake:4)
  6 anacondas
  5 hydras
  The ghost of Ratboiler the Cleaver, a journeyman VSWn of Gozag (Lair:5)
  2 death yaks (Lair:6)
  4 naga sharpshooters
  2 shock serpents
  6 slime creatures
  A wizard (D:14)
  A salamander mystic (Snake:3)
  A phantasmal warrior (D:11)
  A mana viper (Snake:3)
  3 griffons
  An ugly thing (D:14)
  4 salamanders
  A cyclops (D:10)
  6 elephants
  3 naga magi
  An ice statue (D:9)
  7 black mambas
  3 guardian serpents
  A torpor snail (Lair:6)
  A spiny frog (Lair:4)
  2 rime drakes (Lair:5)
  3 trolls
  3 polar bears
  A two-headed ogre (D:8)
  8 blink frogs
  2 wraiths (D:10)
  6 yaks
  3 wyverns (Lair:5)
  4 basilisks
  6 hippogriffs
  A human (D:13)
  A hog (D:13)
  A hungry ghost (D:14)
  10 nagas
  A warg (Orc:2)
  4 water moccasins
  4 porcupines
  6 orc warriors
  A sky beast (D:13)
  2 black bears (D:8)
  A necrophage (D:8)
  An ogre (D:9)
  An eye of draining (Slime:1)
  A phantom (D:10)
  16 wolves
  3 centaurs
  3 crocodiles
  A big kobold (D:13)
  6 giant frogs
  2 jellies
  2 electric eels (D:10)
  A wight (D:13)
  2 crimson imps
  5 hounds (D:10)
  A centaur skeleton (D:9)
  4 orc priests
  5 orc wizards
  2 iguanas
  3 worker ants
  4 sheep
  An ogre zombie (D:10)
  3 adders
  19 river rats
  9 orcs
  A jackal (D:10)
  2 goblin zombies (D:10)
  A hobgoblin skeleton (D:10)
  3 hobgoblin zombies (D:10)
  3 kobolds
  8 orc zombies (D:10)
  10 fungi
  14 plants
273 creatures vanquished.

Vanquished Creatures (others)
  2 orc high priests (Orc:2)
  16 orc warriors
  An orange crystal statue (D:8)
  6 orc knights
  A deep elf mage (D:12)
  12 orc wizards
  8 orc priests
  A jelly (Slime:1)
  A hound (D:9)
  A river rat (Lair:4)
  29 orcs
  A giant cockroach (D:4)
  A giant newt (D:4)
  5 fungi
  A plant (Lair:5)
86 creatures vanquished.

Grand Total: 1226 creatures vanquished

Notes
Turn   | Place    | Note
--------------------------------------------------------------
     0 | D:1      | Hilldric the Hill Orc Gladiator began the quest for the Orb.
     0 | D:1      | Reached XP level 1. HP: 18/18 MP: 1/1
    90 | D:1      | Reached skill level 1 in Armour
   151 | D:1      | Reached XP level 2. HP: 25/25 MP: 2/2
  1029 | D:1      | You fall through a shaft!
  1031 | D:2      | Reached XP level 3. HP: 30/30 MP: 3/3
  1218 | D:2      | Found an ancient bone altar of Kikubaaqudgha.
  1394 | D:2      | Found a stormy altar of Qazlal.
  1573 | D:2      | Reached XP level 4. HP: 33/37 MP: 4/4
  2372 | D:3      | Noticed a necrophage
  2388 | D:3      | Killed a necrophage
  2388 | D:3      | Reached skill level 5 in Armour
  2388 | D:3      | Reached XP level 5. HP: 33/41 MP: 5/5
  2392 | D:3      | Found a glowing silver altar of Zin.
  2392 | D:3      | Noticed an angel
  2605 | D:3      | Reached XP level 6. HP: 50/50 MP: 6/6
  2635 | D:3      | Found a glowing drain.
  2693 | Sewer    | Entered a sewer
  3509 | D:3      | Reached skill level 5 in Fighting
  3553 | D:3      | Found a radiant altar of Vehumet.
  3693 | D:3      | Found a deep blue altar of Sif Muna.
  3857 | D:4      | Reached XP level 7. HP: 62/62 MP: 7/7
  3968 | D:4      | Found a staircase to the Ecumenical Temple.
  4018 | D:4      | Found a basalt altar of Yredelemnul.
  4093 | D:4      | Became a worshipper of Beogh the Brigand
  4213 | D:4      | Reached skill level 5 in Axes
  4511 | D:4      | Reached skill level 6 in Axes
  4695 | D:4      | Found a blossoming altar of Fedhas.
  4784 | D:4      | Reached skill level 7 in Axes
  4979 | D:4      | Reached XP level 8. HP: 54/69 MP: 8/8
  5287 | D:5      | Entered Level 5 of the Dungeon
  5290 | D:5      | Reached skill level 8 in Axes
  5462 | D:5      | Found a shadowy altar of Dithmenos.
  5462 | D:5      | Found a burning altar of Makhleb.
  5549 | D:5      | Reached * piety under Beogh
  5575 | D:5      | Reached skill level 9 in Axes
  5999 | D:5      | Reached skill level 10 in Axes
  6341 | D:5      | Reached ** piety under Beogh
  6372 | D:6      | Reached skill level 11 in Axes
  6602 | D:6      | Reached XP level 9. HP: 62/74 MP: 9/9
  6776 | D:6      | Reached skill level 12 in Axes
  7424 | D:7      | Gained mutation: Your skin changes colour to match your surroundings (Stealth). [mutagenic meat]
  7425 | D:7      | Gained mutation: You are robust (+10% HP). [mutagenic meat]
  7435 | D:7      | Reached skill level 13 in Axes
  7524 | D:7      | Found a sacrificial altar of Ru.
  7524 | D:7      | Noticed Joseph
  7770 | D:7      | Got a transparent scale mail
  7781 | D:7      | Identified the +5 scale mail of Winter {-Cast rC+++ Int+3} (You found it on level 7 of the Dungeon)
  7892 | D:7      | Reached *** piety under Beogh
  7936 | D:7      | Noticed dvd's ghost (novice DEFE)
  7953 | D:7      | Killed dvd's ghost
  7953 | D:7      | Reached skill level 14 in Axes
  8707 | D:7      | Found a bloodstained altar of Trog.
  9801 | D:7      | Gained Warbeogh as an ally
 10147 | D:8      | Reached XP level 10. HP: 60/90 MP: 10/10
 10343 | D:8      | Reached skill level 15 in Axes
 10363 | D:8      | Got a brightly glowing tin amulet
 10365 | D:8      | Identified the amulet "Rasoan" {Inacc rF+ MP+9 Int+4} (You found it on level 8 of the Dungeon)
 10759 | D:8      | Found Hiwnunne's Food Emporium.
 10778 | D:8      | Bought a meat ration for 50 gold pieces
 10821 | D:8      | Noticed Ijustatesigmund's ghost (novice OpTm)
 10848 | D:8      | Killed Ijustatesigmund's ghost
 10848 | D:8      | Reached skill level 16 in Axes
 11031 | D:8      | Found an oddly glowing altar of Pakellas.
 11031 | D:8      | Noticed an orange crystal statue
 11032 | D:8      | Noticed a seven-headed hydra
 11037 | D:8      | Killed an orange crystal statue
 11573 | D:9      | Noticed an ice statue
 11688 | D:9      | Your ally Warbeogh died
 11701 | D:9      | Killed an ice statue
 11882 | D:9      | Noticed Maurice
 11892 | D:9      | Killed Maurice
 12217 | D:9      | Reached skill level 10 in Fighting
 12217 | D:9      | Reached XP level 11. HP: 74/107 MP: 11/11
 12999 | D:10     | Entered Level 10 of the Dungeon
 13025 | D:10     | Reached **** piety under Beogh
 13043 | D:10     | Found a staircase to the Orcish Mines.
 13071 | D:10     | Noticed a cyclops
 13081 | D:10     | Killed a cyclops
 13092 | D:10     | Reached ***** piety under Beogh
 13176 | D:10     | Found a staircase to the Lair.
 13196 | D:10     | Gained Norbak as an ally
 13523 | D:10     | Lost mutation: You are robust (+10% HP). [mutagenic meat]
 13683 | D:10     | Noticed Josephine
 13695 | D:10     | Killed Josephine
 14232 | D:11     | Reached skill level 10 in Armour
 14233 | D:11     | Noticed a skeletal warrior
 14234 | D:11     | Noticed a phantasmal warrior
 14241 | D:11     | Noticed a death knight
 14256 | D:11     | Killed a phantasmal warrior
 14276 | D:11     | Your ally Norbak died
 14290 | D:11     | Killed a death knight
 14295 | D:11     | Killed a skeletal warrior
 14780 | D:11     | Noticed a green ugly thing
 14799 | D:11     | Killed a green ugly thing
 14832 | D:11     | Gained mutation: You have a pair of small antennae on your head. [potion of mutation]
 14832 | D:11     | Gained mutation: You are resistant to hostile enchantments. [potion of mutation]
 14832 | D:11     | Lost mutation: You are resistant to hostile enchantments. [potion of mutation]
 14834 | D:11     | Lost mutation: You have a pair of small antennae on your head. [potion of cure mutation]
 14834 | D:11     | Lost mutation: Your skin changes colour to match your surroundings (Stealth). [potion of cure mutation]
 15437 | D:12     | Found Usat Abe's Demolitions Depot.
 15458 | D:12     | Bought 7 exploding tomahawks for 98 gold pieces
 15458 | D:12     | Bought 3 exploding tomahawks for 42 gold pieces
 15617 | D:12     | Reached XP level 12. HP: 72/106 MP: 12/12
 15621 | D:12     | Reached skill level 17 in Axes
 16367 | D:12     | Reached skill level 18 in Axes
 16676 | D:13     | Noticed an eight-headed hydra
 16681 | D:13     | Noticed Kirke
 16684 | D:13     | Killed a nine-headed hydra
 16692 | D:13     | Gained Ugbert as an ally
 16702 | D:13     | Noticed a sphinx
 16746 | D:12     | Noticed a sphinx
 16747 | D:12     | Paralysed by a sphinx for 3 turns
 16750 | D:12     | Killed Kirke
 16990 | D:13     | Found a gate to the Vaults.
 16990 | D:13     | Noticed Donald
 17079 | D:12     | Reached skill level 19 in Axes
 17139 | D:12     | Killed Donald
 17308 | D:12     | Reached skill level 20 in Axes
 17330 | D:12     | Reached XP level 13. HP: 105/113 MP: 13/13
 17481 | D:13     | Gained mutation: You are robust (+10% HP). [mutagenic meat]
 17482 | D:13     | Gained mutation: Your movements are slightly less encumbered by armour (ER -2). [mutagenic meat]
 17483 | D:13     | Gained mutation: You are agile. (Dex +2) [mutagenic meat]
 17484 | D:13     | Gained mutation: Your body sometimes deteriorates upon taking damage. [mutagenic meat]
 17671 | D:13     | Noticed Nessos
 17684 | D:13     | Your ally Ugbert died
 17686 | D:13     | Killed Nessos
 17692 | D:13     | Reached skill level 21 in Axes
 17699 | D:13     | Reached ****** piety under Beogh
 18747 | Orc:1    | Entered Level 1 of the Orcish Mines
 18747 | Orc:1    | Found a roughly hewn altar of Beogh.
 18747 | Orc:1    | Noticed Stick's ghost (journeyman DEIE)
 18771 | Orc:1    | Killed Stick's ghost
 19015 | Orc:2    | Entered Level 2 of the Orcish Mines
 19115 | Orc:2    | Noticed an orc warlord
 19121 | Orc:2    | Found a roughly hewn altar of Beogh.
 19121 | Orc:2    | Gained Koronagh as an ally
 19123 | Orc:2    | Your ally Koronagh died
 19287 | Orc:2    | Found a roughly hewn altar of Beogh.
 19664 | Orc:1    | Paralysed by an orc sorcerer for 5 turns
 19672 | Orc:1    | Reached skill level 22 in Axes
 19760 | Orc:2    | Killed an orc warlord
 19859 | Orc:2    | Found Edecrero's Antique Armour Shop.
 20064 | Orc:2    | Found a staircase to the Elven Halls.
 20108 | Orc:2    | Bought a glowing chain mail for 144 gold pieces
 20232 | Orc:2    | Found Jyeqog's Antique Weapon Shop.
 20250 | Orc:2    | Found Bedgh's Jewellery Shop.
 20257 | Orc:2    | Bought the ring "Tuuth" {+Inv rPois rN+ Slay+2} for 559 gold pieces
 20267 | Orc:2    | Found Keihy's General Store.
 20275 | Orc:2    | Bought a scroll of identify for 30 gold pieces
 20275 | Orc:2    | Bought a potion of curing for 45 gold pieces
 20275 | Orc:2    | Bought a bread ration for 75 gold pieces
 20619 | Elf:1    | Entered Level 1 of the Elven Halls
 21490 | D:14     | Found Ucou's Magic Scroll Shoppe.
 21524 | D:14     | Paralysed by a wizard for 4 turns
 21678 | D:14     | Gained mutation: You are partially covered in icy blue scales (AC +1). [mutagenic meat]
 21679 | D:14     | Lost mutation: Your body sometimes deteriorates upon taking damage. [mutagenic meat]
 21681 | D:14     | Noticed Roxanne
 21710 | D:14     | Killed Roxanne
 21712 | D:14     | Identified Roxanne's Tome of Moulding (You took it off Roxanne on level 14 of the Dungeon)
 21857 | D:14     | Reached skill level 23 in Axes
 21857 | D:14     | Reached XP level 14. HP: 130/133 MP: 14/14
 21937 | D:14     | Noticed Rupert
 21977 | D:14     | Paralysed by Rupert for 4 turns
 22244 | Lair:1   | Entered Level 1 of the Lair of Beasts
 22681 | Lair:1   | Found a labyrinth entrance.
 22691 | Lab      | Entered a labyrinth
 22962 | Lab      | Identified the Almanac of Confrontation
 23622 | Lair:2   | Gained Oreg as an ally
 23878 | Lair:2   | Gained Arbolt as an ally
 24866 | Lair:3   | Found a staircase to the Shoals.
 24881 | Lair:3   | Got an encrusted scale mail
 24892 | Lair:3   | Identified the +2 scale mail "Seymeext" {rPois Regen+ Dex+2} (You found it on level 3 of the Lair of Beasts)
 25590 | Lair:4   | Got a brightly glowing falchion
 25591 | Lair:4   | Identified the +8 falchion of the Extremes {drain, MR+} (You found it on level 4 of the Lair of Beasts)
 26384 | Lair:5   | Your ally Oreg died
 26592 | Lair:5   | Noticed Ratboiler's ghost (journeyman VSWn)
 26599 | Lair:5   | Killed Ratboiler's ghost
 26599 | Lair:5   | Reached skill level 15 in Fighting
 26726 | Lair:5   | Found a staircase to the Snake Pit.
 26883 | Lair:5   | You fall through a shaft!
 27103 | Lair:7   | Reached XP level 15. HP: 155/157 MP: 15/15
 27809 | Lair:6   | Found a staircase to the Slime Pits.
 27871 | Lair:6   | Got an ancient crystal amulet
 27873 | Lair:6   | Identified the amulet of Kaczob {Harm *Drain rN+ Slay+3} (You found it on level 6 of the Lair of Beasts)
 28661 | Lair:8   | Entered Level 8 of the Lair of Beasts
 30500 | Snake:1  | Entered Level 1 of the Snake Pit
 30687 | Snake:1  | Identified a scroll of acquirement
 30703 | Snake:1  | Found an iron altar of Okawaru.
 30916 | Snake:1  | Noticed Aizul
 30925 | Snake:1  | Killed Aizul
 31263 | Snake:2  | Reached XP level 16. HP: 136/174 MP: 16/16
 31560 | Snake:2  | Reached skill level 24 in Axes
 32258 | Snake:3  | Reached skill level 25 in Axes
 32805 | Snake:4  | Entered Level 4 of the Snake Pit
 32984 | Snake:4  | Found a runed door.
 33306 | Snake:4  | Noticed Louise
 33327 | Snake:4  | Reached skill level 26 in Axes
 33336 | Snake:4  | Killed Louise
 33462 | Snake:4  | Found Tikiv's Magic Scroll Shop.
 33492 | Snake:4  | Bought a scroll of enchant weapon for 127 gold pieces
 33492 | Snake:4  | Bought a scroll of remove curse for 51 gold pieces
 33492 | Snake:4  | Bought a scroll of identify for 34 gold pieces
 33492 | Snake:4  | Bought a scroll of holy word for 127 gold pieces
 33492 | Snake:4  | Bought a scroll of teleportation for 51 gold pieces
 33492 | Snake:4  | Bought a scroll of teleportation for 51 gold pieces
 33492 | Snake:4  | Bought a scroll of identify for 34 gold pieces
 33492 | Snake:4  | Bought a scroll of identify for 34 gold pieces
 33492 | Snake:4  | Bought a scroll of identify for 34 gold pieces
 33492 | Snake:4  | Bought 3 scrolls of teleportation for 153 gold pieces
 33492 | Snake:4  | Bought a scroll of identify for 34 gold pieces
 33544 | Snake:4  | Reached XP level 17. HP: 128/182 MP: 17/17
 34581 | Lair:6   | Upgraded the game from 0.18-a0-1562-gac8da35 to 0.18-a0-1570-gf60b0ab
 34621 | Slime:1  | Entered Level 1 of the Pits of Slime
 35005 | Slime:2  | Noticed Dissolution
 35122 | Slime:2  | Paralysed by a giant eyeball for 2 turns
 35124 | Slime:2  | HP: 9/182 [acid (10)]
 35125 | Slime:2  | HP: 3/182 [Dissolution (6)]
 35125 | Slime:2  | Splashed by Dissolution's acid

Vault maps used:
D:1:      minmay_arrival_statue_studded
D:2:      kiku_gazebo_garden_becter, nicolae_qazlal_eye_of_the_storm
D:3:      vehumet_crystals, zin_angel, lemuel_round_altar, gup_sewer_entry_glass
D:4:      fedhas_bush_and_centaur_altar, lemuel_doored_altar, temple_pool_a,
          nrook_mini_backslash
D:5:      gammafunk_temple_overflow_statue, first_bread
D:6:      serial_bayou_pond_a
D:7:      lemuel_round_altar, lightli_temple_of_fire, minmay_misc_feat_tower,
          uniq_joseph
D:8:      gammafunk_pakellas_statue_experiment, serial_shops,
          nicolae_shop_scaring_up_business, hangedman_pestilent_swarm
D:9:      minmay_statue_bubble, uniq_maurice
D:10:     erik_lair_island, zombieorc2_lemuel, nicolae_ru_the_path_less_chosen,
          uniq_josephine
D:12:     nicolae_blasting_shop
D:13:     david_vaults_3, uniq_nessos, uniq_kirke
D:14:     patterned_corridor, serial_shops, shop, uniq_rupert, uniq_roxanne,
          uniq_azrael
Lair:1:   lab_entry_generic, st_stairs_9
Lair:2:   grunt_megastairs_4, lemuel_fruit_fields
Lair:3:   minmay_shoals_entry_beasts, cheibrodos_lair_caveside_slide
Lair:4:   bobbens_dragon_lair_wall, serial_bayou_shore_a
Lair:5:   dragon1_lemuel, minmay_snake_entry_guardpost_medium, special_room,
          bh_autumn_forest_stairs
Lair:6:   nicolae_slime_entry_slimehenge
Lair:7:   grunt_megastairs_5
Lair:8:   grunt_lair_end_beastmaster, hangedman_lair_unloving_vines,
          wad_woods_antlair, infiniplex_staircase_pool
Snake:1:  lemuel_altar_in_water2, uniq_aizul
Snake:2:  boulder_indie, grunt_megastairs_3
Snake:4:  grunt_snake_rune_pools, serial_shops, shop, lightli_airlock,
          uniq_louise
Slime:2:  dissolution_awaits
Orc:1:    basic_altar, nicolae_for_you_no_charge
Orc:2:    grunt_orc_cross, basic_altar
Elf:1:    minmay_elf_arrival_summoners, orc_legates, st_stairs_6,
          kilobyte_mutagenic_chamber
Lab:      nicolae_lab_dead_adventurers, nicolae_lab_big_swirl, lab_fountain,
          nicolae_lab_statue
Sewer:    sewer_co_scattered_pipes

Skill      XL: |  1  2  3  4  5  6  7  8  9 10 11 12 13 14 15 16 17 |
---------------+----------------------------------------------------+-----
Armour         | 1 2 3 5 11 13 | 13.0
Fighting       | 3 6 10 15 18 | 18.5
Axes           | 7 11 14 16 20 23 26 | 26.6
Throwing       | |  1.7
Dodging        | |  2.4

Action                   |  1- 3 |  4- 6 |  7- 9 | 10-12 | 13-15 | 16-18 || total
-------------------------+-------+-------+-------+-------+-------+-------++-------
Melee: War axe           |    86 |   369 |   619 |   759 |  1052 |       ||  2885
       Battleaxe         |       |       |       |       |   107 |   219 ||   326
       Executioner's axe |       |       |       |       |       |   133 ||   133
Throw: Tomahawk          |       |       |       |     1 |     8 |       ||     9
       Javelin           |       |       |       |       |     5 |       ||     5
       Throwing net      |       |       |       |       |     2 |       ||     2
Invok: Convert to Beogh  |       |       |     1 |       |       |       ||     1
       Smiting           |       |       |     1 |     3 |       |     1 ||     5
       Recall Orcish Fol |       |       |       |       |     5 |     5 ||    10
       Give Item to Name |       |       |       |       |     2 |       ||     2
Evoke: Wand              |       |       |       |       |     4 |     3 ||     7
  Use: Scroll            |     2 |     6 |     7 |    11 |    22 |     8 ||    56
       Potion            |       |     1 |       |    20 |     6 |    10 ||    37
 Stab: Distracted        |       |       |       |     2 |    10 |     2 ||    14
       Confused          |       |       |       |       |     2 |       ||     2
       Petrified         |       |       |       |       |     2 |       ||     2
  Eat: Bread ration      |     1 |     1 |     2 |     4 |     4 |       ||    12
       Chunk             |       |     2 |     5 |     1 |    11 |       ||    19
       Pizza             |       |       |     1 |     3 |       |       ||     4
       Beef jerky        |       |       |     1 |       |     3 |       ||     4
       Meat ration       |       |       |     2 |     2 |     3 |     2 ||     9
       Fruit             |       |       |       |       |     5 |       ||     5
       Royal jelly       |       |       |       |       |     4 |       ||     4
